 Dungeon Crawl Stone Soup version 0.31-a0-237-g2d982f9f85 (webtiles) character file.

Game seed: 5552669520345446062

266 qw the Shooter (level 6, -1/36 HPs)
             Began as a Gargoyle Hexslinger on July 10, 2023.
             Killed from afar by an orc wizard (10 damage)
             ... with a magic dart
             ... on level 2 of the Dungeon.
             The game lasted 00:00:55 (1885 turns).

qw the Shooter (Gargoyle Hexslinger)                Turns: 1885, Time: 00:00:56

Health: -1/36      AC: 10    Str: 12    XL:     6   Next: 20%
Magic:  7/7        EV: 10    Int: 13    God:
Gold:   95         SH:  0    Dex: 14    Spells: 6/7 levels left

rFire   . . .        Y - +1 sling
rCold   . . .        (no shield)
rNeg    + . .        k - +0 ring mail
rPois   inf          (no helmet)
rElec   +            (no cloak)
rCorr   .            (no gloves)
SInv    .            i - +0 pair of boots
Will    .....        (no amulet)
Stlth   +            (no ring)
HPRegen 0.26/turn    (no ring)
MPRegen 0.10/turn

%: no passive effects
@: no status effects
A: sickness immunity, AC +4, negative energy resistance 1, electricity
resistance, torment resistance 1, petrification resistance
a: no special abilities


You were on level 2 of the Dungeon.
You visited 1 branch of the dungeon, and saw 3 of its levels.

You collected 95 gold pieces.


Innate Abilities, Weirdness & Mutations

You are immune to sickness and miasma.
Your stone body is resilient. (AC +4)
You are immune to poison.
You resist negative energy. (rN+)
You are resistant to electric shocks. (rElec)
You are resistant to unholy torment.
You are immune to petrification.


   Skills:
 + Level 2.4 Fighting
 - Level 5.8 Ranged Weapons
 - Level 1.1 Armour
 - Level 1.5 Dodging
 - Level 1.0 Spellcasting
 - Level 2.6 Hexes


You had 6 spell levels left.
You knew the following spells:

 Your Spells              Type           Power      Damage    Failure   Level
a - Slow                  Hex            28%        N/A       22%         1

Your spell library contained the following spells:

 Spells                   Type           Power      Damage    Failure   Level
 Inner Flame              Hex/Fire       4%         N/A       73%         3
 Portal Projectile        Hex/Tloc       8%         N/A       73%         3
 Cause Fear               Hex            3%         N/A       91%         4

Inventory:

Hand Weapons
 Y - a +1 sling (weapon)
Armour
 i - a +0 pair of boots (worn)
 k - a +0 ring mail (worn)
Jewellery
 n - a ring of ice
Potions
 d - a potion of invisibility {unknown}
 e - a potion of curing {unknown}
 h - a potion of heal wounds {unknown}
 l - a potion of lignification {unknown}
 m - a potion of resistance {unknown}

Dungeon Overview and Level Annotations

Branches:
Dungeon (3/15)

Altars:


Message History

There is a stone staircase leading down here.
There is a strange disturbance nearby!
Something hits you.
Deactivating autopickup; reactivate with Ctrl-A.
You shoot a sling bullet. Something hits you but does no damage.
You shoot a sling bullet.
Something hits you but does no damage. x2
You shoot a sling bullet. Something hits you.
You shoot a sling bullet.
You hear some strange, mumbled words.
You are confused.
You shoot a sling bullet.
You hear some strange, mumbled words.
Something tries to affect you, but you resist.
You shoot a sling bullet.
You hear some strange, mumbled words.
A magic dart appears from out of thin air!
The magic dart hits you!
You shoot a sling bullet. The sling bullet misses you.
You hear some strange, mumbled words.
A magic dart appears from out of thin air!
The magic dart hits you. Something completely misses you.
You shoot a sling bullet. Something hits you but does no damage.
You shoot a sling bullet.
You hear some strange, mumbled words.
Something tries to affect you, but you resist.
You shoot a sling bullet.
You feel less confused. Something hits you but does no damage.
You shoot a sling bullet.
You hear some strange, mumbled words.
A magic dart appears from out of thin air!
The magic dart hits you.
You hear some strange, mumbled words.
A magic dart appears from out of thin air!
The magic dart hits you!
You die...

#.###.#######.# #.....#
#.# ## ###.###
####.##### .######'##
#........# ....##...##
#.##.###.# ~##.#.....##
#.##.# #.#
~~#.[......###.##.###.#
P~7.........##.#...##.#
~~7.........'.%.@...#.#
~...........#...{.....#
...........##.###.#.###
~.7##.....###.# #...#
~.~7##...## #.# ###.#
~.~77##'## #.#####.#
~.P~7 #.# #.<.....#
~.~~77#.# #######.#
~.~~7P#.#### #.#


There were no monsters in sight!

Vanquished Creatures
  Sigmund (D:3)
  4 adders (D:2)
  A worm (D:2)
  A dart slug (D:1)
  3 orcs (D:3)
  4 endoplasms
  4 giant cockroaches
  5 hobgoblins
  6 kobolds
  3 quokkas (D:2)
  7 ball pythons
  8 bats
  5 frilled lizards
  A goblin (D:1)
  5 rats
58 creatures vanquished.

Notes
Turn   | Place    | Note
-------+----------+-------------------------------------------
     0 | D:1      | qw the Gargoyle Hexslinger began the quest for the Orb.
     0 | D:1      | Reached XP level 1. HP: 12/12 MP: 2/2
     0 | D:1      | 0 ||| qw: Version: 0.3-a-52-g30416fa
     0 | D:1      | 0 ||| qw: Game counter: 5250
     0 | D:1      | 0 ||| qw: Melee chars always use a shield: true
     0 | D:1      | 0 ||| qw: God list: Okawaru
     0 | D:1      | 0 ||| qw: Allow faded altars: false
     0 | D:1      | 0 ||| qw: Do Orc after clearing Dungeon:15 true
     0 | D:1      | 0 ||| qw: Do second Lair branch before Depths: true
     0 | D:1      | 0 ||| qw: Lair rune preference: random
     0 | D:1      | 0 ||| qw: Goals: Normal
     0 | D:1      | 0 ||| PLANNING D:1-11
    88 | D:1      | Reached XP level 2. HP: 16/16 MP: 3/3
   242 | D:1      | Reached skill level 3 in Ranged Weapons
   625 | D:1      | 625 ||| UPGRADING to +0 pair of boots.
   630 | D:1      | 630 ||| UPGRADING to +0 ring mail.
   640 | D:1      | 640 ||| DROPPING +0 robe.
   641 | D:1      | 641 ||| READING 3 scrolls labelled CESTRO GYHIGA.
   642 | D:1      | 642 ||| READING scroll labelled WAQ LAYWUFIKH.
   643 | D:1      | 643 ||| READING scroll labelled DOAH YGEGUL.
   646 | D:1      | 646 ||| DROPPING 2 scrolls of amnesia.
   647 | D:1      | 647 ||| DROPPING scroll of poison.
   680 | D:2      | Reached XP level 3. HP: 20/22 MP: 4/4
   698 | D:2      | Reached skill level 1 in Armour
   822 | D:2      | 822 ||| Stepping ~*~*~tactically~*~*~ (water).
   827 | D:2      | 827 ||| Stepping ~*~*~tactically~*~*~ (water).
   896 | D:2      | 896 ||| Stepping ~*~*~tactically~*~*~ (water).
   912 | D:2      | 912 ||| Stepping ~*~*~tactically~*~*~ (water).
   945 | D:2      | Reached XP level 4. HP: 27/27 MP: 5/5
  1644 | D:3      | Noticed Sigmund
  1651 | D:3      | 1651 ||| STAIRDANCE
  1719 | D:3      | 1719 ||| STAIRDANCE
  1739 | D:3      | 1739 ||| STAIRDANCE
  1743 | D:2      | Reached skill level 4 in Ranged Weapons
  1782 | D:3      | 1782 ||| STAIRDANCE
  1817 | D:3      | 1817 ||| STAIRDANCE
  1840 | D:3      | Killed Sigmund
  1841 | D:3      | Reached skill level 5 in Ranged Weapons
  1841 | D:3      | Reached XP level 5. HP: 31/31 MP: 6/6
  1841 | D:3      | Reached XP level 6. HP: 36/36 MP: 7/7
  1869 | D:3      | 1869 ||| FLEEEEING.
  1870 | D:3      | 1870 ||| FLEEEEING.
  1871 | D:3      | 1871 ||| FLEEEEING.
  1872 | D:3      | 1872 ||| STAIRDANCE
  1885 | D:2      | HP: 9/36 [something/magic dart (3)]
  1885 | D:2      | Killed from afar by an orc wizard

Levels and vault maps discovered:
D:1:      nzn_arrival_crosshair, layout_loops_ring, minmay_misc_feat_diagonals,
          minmay_tromino_v4_a
D:2:      layout_loops_corners, serial_bayou_lagoon_b
D:3:      layout_rooms, serial_shops, nicolae_shop_advertising_works
          [nicolae_subvault_shop_adworks],
          shapermc_ecumenical_altar_mp_urbaneastern, kennysheep_pointless_box,
          uniq_sigmund

Skill      XL: |  1  2  3  4 |
---------------+-------------+-----
Ranged Weapons | 3 5 |  5.8
Fighting       | 2 |  2.4
Armour         | 1 |  1.1
Dodging        | |  1.5
Spellcasting   | |  1.0
Hexes          | |  2.6

Action                     |  1- 3 |  4- 6 || total
---------------------------+-------+-------++-------
   Fire: Sling             |   108 |   115 ||   223
    Use: Scroll            |     3 |       ||     3
 Armour: Robe              |    12 |       ||    12
         Ring mail         |    20 |    58 ||    78
  Dodge: Dodged            |    40 |    45 ||    85

Table legend:
 A = Non-vault XP
 B = Vault XP
 C = Vault XP percentage of total XP
 D = Non-vault monster count
 E = Vault monster count
 F = Vault count percentage of total count
                 A         B        C        D         E       F
            +---------+---------+-------+---------+---------+-------
      Total |     135 |     245 |  64.5 |      53 |       5 |   8.6
            +---------+---------+-------+---------+---------+-------
        D:1 |      26 |       6 |  18.8 |      17 |       4 |  19.0
        D:2 |      95 |       0 |   0.0 |      29 |       0 |   0.0
        D:3 |      14 |     239 |  94.5 |       7 |       1 |  12.5
            +---------+---------+-------+---------+---------+-------
